[Event "WR Chess Masters 2023"]
[Site "Chess.com"]
[Date "2023.02.21"]
[Round "5"]
[White "Keymer, Vincent"]
[Black "Abdusattorov, Nodirbek"]
[Result "1-0"]
[WhiteElo "2690"]
[BlackElo "2734"]
[ECO "E48"]
[EventDate "2023.??.??"]
[Annotator "rafael"]
[PlyCount "103"]
[Beauty "6876779528754"]
[EventType "swiss"]
[EventRounds "9"]
[TimeControl "5400+30"]

1.d4 Nf6 2.c4 e6 3.Nc3 Bb4 4.e3 O-O 5.Bd3 d5 6.cxd5 exd5 7.Ne2 Re8 8.O-O Nbd7 $5 {[%c_effect d7;square;d7;type;Interesting;persistent;true] A rare move, involving a pawn sacrifice, that took Keymer by surprise. It's difficult to say whether this move was prepared in the laboratory or not.} ( 8...Bd6 ) ( 8...Bf8 ) ( 8...b6 ) 9.Qb3 $1 {[%c_effect b3;square;b3;type;GreatFind;persistent;true] The critical move, which practically forces Black to sacrifice the d5-pawn.} 9...Bd6 $1 ( 9...Bxc3 $6 {[%c_effect c3;square;c3;type;Inaccuracy;persistent;true] is a big positional concession, as White has the bishop pair, a good center, and the knight is strange on d7.} 10.bxc3 ( 10.Nxc3 {is also good.} ) ) 10.Nxd5 {Taking up the gauntlet $1} 10...Nxd5 11.Qxd5 Nc5 $1 {[%c_effect c5;square;c5;type;GreatFind;persistent;true] The best way to fight for the initiative.} ( 11...Nf6 {is inaccurate.} 12.Qf3 {This was Keymer's intention. Black has no adequate compensation. 12.Qb3 is also good.} ( 12.Qg5 $6 {[%c_effect g5;square;g5;type;Inaccuracy;persistent;true] This is not very good, as Black can regain the pawn.} 12...Bxh2+ $1 13.Kh1 ( 13.Kxh2 $4 Ng4+ ) 13...Bd6 ) ( 12.Qb3 Bxh2+ $2 {[%c_effect h2;square;h2;type;Mistake;persistent;true] The Greek Gift sacrifice doesn't work this time.} ( 12...Be6 {is better.} ) 13.Kxh2 Ng4+ 14.Kg3 Qg5 15.f4 Qh5 16.Bd2 Qh2+ 17.Kf3 Qh4 18.g3 {White was winning in Watanabe-Gonzalez Garcia, Merida 2001.} ) ) 12.Bxh7+ {A natural move and a novelty.} ( 12.Qc4 {was played previously and was mentioned by Keymer in the post-game analysis.} 12...Nxd3 ( 12...Be6 $2 13.Bxh7+ $1 Kh8 ( 13...Kxh7 14.Qc2+ ) 14.Qc2 Qh4 15.Nf4 {with a big advantage for White in Kambrath-Ramirez Alvarez, Merida 2019. It looks like the Mexican city of Merida (which I visited a long time ago, in 1993) is the place where this 8...Nbd7 variation was subjected to the most critical tests $1} ) 13.Qxd3 Qh4 {With some compensation for the pawn.} ) 12...Kxh7 13.Qh5+ Kg8 14.dxc5 Re5 {Black gets one of the pawns back.} 15.Qf3 Rxc5 {White is a pawn up and has a good pawn structure, while Black has the bishop pair and a crazy attacking rook.} 16.Ng3 $1 {[%c_effect g3;square;g3;type;GreatFind;persistent;true] A precise move.} ( 16.e4 $2 {[%c_effect e4;square;e4;type;Mistake;persistent;true] loses after} 16...Bxh2+ $1 17.Kxh2 Qh4+ 18.Kg1 Rh5 ) ( 16.h3 Rf5 $1 17.Qe4 Re5 18.Qf3 Rf5 {with a move repetition.} ) 16...Bd7 17.e4 Qh4 {Bringing the queen to the game and avoiding 18.Bf4.} 18.Bd2 Rb5 ( 18...Bg4 $6 19.Qe3 Rh5 $2 {[%c_effect h5;square;h5;type;Mistake;persistent;true] This aggressive attempt doesn't work.} 20.h3 Bxh3 21.Nxh5 Bxg2 22.Ng3 {The attack is over.} ) 19.Bc3 ( 19.b3 $1 {[%c_effect b3;square;b3;type;GreatFind;persistent;true] This move is probably the best attempt for an advantage, as now the rook cannot go to g5, as will happen in the game.} ) 19...Re8 20.Rae1 {The eternal question: which rook to play $2 Capablanca once advised wisely: think which rook is the most natural for you to move, and then play the other one.} ( 20.Rfe1 Rg5 {Black has enough compensation for the pawn.} ) 20...Rg5 21.e5 Bc6 22.Qd3 ( 22.Qe3 Bxe5 23.Bxe5 Rgxe5 24.Qc3 ( 24.Qxe5 $6 Rxe5 25.Rxe5 Qd4 {Positions with queen against two rooks can be hard to evaluate. Here, however, the b2-pawn will fall and this gives Black a clear advantage.} 26.Re2 $2 Bb5 ) 24...Rxe1 25.Rxe1 Rxe1+ 26.Qxe1 Qd4 {Black can play for a win because the bishop is stronger than the knight.} ) 22...Bc5 ( 22...Bxe5 $2 23.f4 $1 {[%c_effect f4;square;f4;type;GreatFind;persistent;true] This is the main reason why Keymer left the rook on f1.} 23...Bxf4 24.Rxe8+ Bxe8 25.Qe4 {White wins material.} ) 23.b4 $5 {[%c_effect b4;square;b4;type;Interesting;persistent;true] A nice practical decision to simplify the game and remove one of the attacking bishops from the board.} ( 23.Ne4 $2 Rg6 {With a very strong attack.} ) ( 23.Re2 {This is the computer move, indicating equality. But a human player is certainly not comfortable after} 23...Re6 ) 23...Bb6 $2 {[%c_effect b6;square;b6;type;Mistake;persistent;true] Abudasattorov makes a bad decision, embarking on a risky line in which White has the draw at hand if he wants to. With 23...Bxb4, it would be Black who would fight for the win.} ( 23...Bxb4 $1 {[%c_effect b4;square;b4;type;GreatFind;persistent;true] After the natural sequence:} 24.Bxb4 Qxb4 25.f4 Bb5 $1 26.Qe4 Qxe4 27.Nxe4 Bxf1 28.Nxg5 Bc4 {An imbalanced ending appears on the board, in which Black's chances are slightly better.} ) 24.b5 {This seems to lose a piece, but of course, Abdusattorov had seen this.} 24...Re6 {The only justification.} 25.Ne4 $1 {[%c_effect e4;square;e4;type;GreatFind;persistent;true] This move refutes Black's play.} ( 25.Qd8+ {is enough for an immediate draw, if Keymer wanted.} 25...Re8 ( 25...Be8 $2 26.Re4 Qh6 27.Bd2 {wins material.} ) 26.Qd3 ) ( 25.bxc6 $6 Rh6 {This line justifies the sacrifice.} 26.h3 $6 ( 26.Qd8+ Kh7 27.Qd3+ Kg8 28.Qd8+ {with perpetual check.} ) 26...Rxg3 27.Qxg3 $2 ( 27.Qf5 ) 27...Qxg3 28.cxb7 Rxh3 29.b8=Q+ Kh7 {White is mated.} ) 25...Rxg2+ $6 {[%c_effect g2;square;g2;type;Inaccuracy;persistent;true] This move loses, but the alternatives are not pretty for Black, who would have to defend with a pawn down.} ( 25...Qg4 $2 26.Qd8+ ) ( 25...Rh5 26.h3 {everything is defended.} ) ( 25...Bxe4 26.Rxe4 {White is a healthy pawn up.} ) 26.Kxg2 Rg6+ 27.Kh1 Rh6 28.h3 Bxb5 29.Qf3 $1 {[%c_effect f3;square;f3;type;GreatFind;persistent;true] The only move, but enough.} 29...Bd7 30.e6 {A good practical decision, opening the diagonal of the c3-bishop.} ( 30.Qg3 $2 Bxh3 31.Qxh4 Rxh4 32.Kg1 Rg4+ $1 {[%c_effect g4;square;g4;type;GreatFind;persistent;true] Now Black wins.} 33.Kh2 Bxf1 34.Rxf1 Rxe4 ) ( 30.Rg1 {This is a nice refutation.} 30...Bxh3 31.Rxg7+ $1 Kh8 {Keymer showed this line in the post-game analysis, but he missed a nice computer move here.} ( 31...Kxg7 32.e6+ f6 33.Bxf6+ Rxf6 34.Qxf6+ Qxf6 35.Nxf6 Kxf6 36.e7 Bd7 37.e8=Q Bxe8 38.Rxe8 {The endgame should be winning for White. The point is that the f2-pawn cannot be captured.} 38...Bxf2 $2 39.Rf8+ {winning the bishop.} ) 32.Rh7+ $3 {[%c_effect h7;square;h7;type;Brilliant;persistent;true] White wins easily now.} 32...Rxh7 ( 32...Kxh7 33.Qxf7+ Kh8 34.e6+ ) 33.e6+ Rg7 ( 33...Kg8 34.Nf6+ Qxf6 35.Qxf6 $18 ) 34.Bxg7+ Kxg7 35.Qxf7+ ) 30...Bxe6 31.Rg1 Qxh3+ 32.Qxh3 Rxh3+ 33.Kg2 {Black's three pawns are no match for the rook. White is winning.} 33...Rh5 34.Kf3 Rf5+ 35.Ke2 g6 {A sad necessity, opening the diagonal.} 36.Rh1 Kf8 37.Bf6 Ke8 38.Rh8+ Kd7 39.Rd8+ Kc6 40.Bd4 $1 {[%c_effect d4;square;d4;type;GreatFind;persistent;true] Exchanging the strong b6-bishop.} 40...Bxd4 41.Rxd4 b6 42.a3 Kb7 43.Rc1 Rh5 44.Ke3 a5 45.f3 Rb5 46.Rc3 Rh5 47.Rd1 a4 48.Rd4 Ra5 49.Rb4 Re5 50.Kf2 c6 51.Nc5+ Kc7 52.Nxe6+ 1-0

[Event "WR Chess Masters 2023"]
[Site "Chess.com"]
[Date "2023.02.22"]
[Round "6"]
[White "So, Wesley"]
[Black "Aronian, Levon"]
[Result "1/2-1/2"]
[WhiteElo "2766"]
[BlackElo "2736"]
[ECO "E48"]
[EventDate "2023.??.??"]
[Annotator "rafael"]
[PlyCount "69"]
[Beauty "6460993995815"]
[EventType "swiss"]
[EventRounds "9"]
[TimeControl "5400+30"]

1.d4 Nf6 2.c4 e6 3.Nc3 Bb4 4.e3 O-O 5.Bd3 c5 6.Ne2 Nc6 7.O-O d5 8.cxd5 exd5 9.a3 {A critical opening position.} 9...c4 $5 ( 9...cxd4 {is also possible.} 10.axb4 ( 10.Nb5 {To my utter surprise, I found a game of mine in this position, played last year on a Titled Tuesday.} 10...Bc5 11.exd4 Be7 {with a more or less equal position in Al Hosani-Leitao, Titled Tuesday 2022.} ) 10...dxc3 11.b5 Ne5 12.Nxc3 Nxd3 13.Qxd3 {White can fight for a small advantage here. Meskov-Barseghyan, Cannes 2022.} ) ( 9...Bxc3 10.bxc3 {leads to a typical position from the Nimzo-Indian.} ) 10.Bxh7+ ( 10.Bc2 Bd6 11.Ng3 $6 ( 11.f3 $1 {[%c_effect f3;square;f3;type;GreatFind;persistent;true] is better, preparing to play e3-e4.} ) 11...Rb8 12.Nb5 Be7 13.f3 a6 14.Nc3 b5 {Black was better in Sarana-Caruana, Airthings (rapid) 2023.} ) 10...Nxh7 $1 {[%c_effect h7;square;h7;type;GreatFind;persistent;true] A new move, clearly prepared beforehand by Aronian. The merits of this way of capturing will become clear on the next move.} ( 10...Kxh7 11.axb4 Nxb4 12.f3 {This was Georgiev-Neimer, Chicago 2013.} ) 11.axb4 Nxb4 12.b3 {The natural way of fighting for the initiative, breaking the pawn chain.} 12...a5 $1 {[%c_effect a5;square;a5;type;GreatFind;persistent;true] A wonderful move that secures the knight on b4 and prepares the creative development of the rook by a6. This piece can lift to h6, and the knight might even help the attack by going to g5 in some cases. A clear case of chess harmony, when all the pieces of the puzzle come together. I'd praise Aronian even more if this was not the computer's first choice and if the position was not studied by him previously as I am almost sure it was.} 13.bxc4 dxc4 14.Rb1 ( 14.Ba3 $6 {[%c_effect a3;square;a3;type;Inaccuracy;persistent;true] It's dangerous to remove the bishop from the diagonal, as the rook now gets an easy road to h6.} 14...Ra6 $1 ) ( 14.e4 {This is a natural move and similar to what will happen later in the game.} 14...Ra6 ) 14...Ra6 $1 {[%c_effect a6;square;a6;type;GreatFind;persistent;true] The idea is revealed.} 15.e4 Re8 ( 15...Bd7 {is also very logical, preparing b7-b5.} ) 16.d5 {A natural move, advancing the pawn mass, but the computer is not impressed.} ( 16.Ba3 {is again not very good, as the rook can go to h6.} ) ( 16.f3 {is an improvement, reinforcing the center and freeing the f2-square in case the king needs to start running.} ) 16...Bd7 17.Qd2 $6 {[%c_effect d2;square;d2;type;Inaccuracy;persistent;true] The intention of this strange-looking move is probably to bring the queen to the defense via the f4-square.} ( 17.Nd4 {is more natural.} ) 17...b5 $1 18.Ba3 $2 {[%c_effect a3;square;a3;type;Mistake;persistent;true] This move, surprisingly, loses.} 18...Nf6 $2 ( 18...Nd3 $1 {[%c_effect d3;square;d3;type;GreatFind;persistent;true] This pawn sacrifice grants Black a decisive attack after} 19.Nxb5 Rh6 $1 {[%c_effect h6;square;h6;type;GreatFind;persistent;true] White is helpless against the threat of 20...Qh4 followed by a piece sacrifice. For instance:} 20.Qe3 ( 20.Nd6 Qh4 21.h3 Ng5 22.Nxe8 Bxh3 {with mate soon to follow.} ) 20...Nf6 $1 ( 20...Qh4 21.Qg3 ) 21.Nd6 Nxd5 $1 22.Qf3 Rf6 $1 23.Qg3 Rg6 $1 24.Qf3 Ne5 25.Qh5 Bg4 {The queen is lost.} ) 19.Ng3 $6 ( 19.f3 {This is the best, but it certainly looks crazy to open the g1-a7 diagonal in the heat of the battle.} 19...Qb6+ 20.Kh1 Nd3 21.Nxb5 $1 Nf2+ ( 21...Bxb5 $6 22.Nc3 {The b5-bishop is lost, and White is better.} ) 22.Rxf2 ( 22.Kg1 {The computer considers this move playable, too. That's too much for me.} ) 22...Qxf2 23.Nd6 {Black is better in this complicated position.} ) 19...Ng4 $6 ( 19...Nd3 $1 20.Nxb5 Nxe4 21.Nxe4 Rxe4 {The monster knight on d3 gives Black a much better position.} ) 20.Bxb4 axb4 21.Rxb4 Nxh2 {This was probably Aronian's intention when he played his 19th move, but now White manages to escape.} ( 21...Ne5 {still gives Black good pressure, with the idea of taking the knight to d3 again. The tactical justification is visible after} 22.Nxb5 $6 Qa5 $1 23.Nd4 Nd3 ) 22.Kxh2 Qh4+ 23.Kg1 Rh6 24.Rfb1 Bg4 $1 {[%c_effect g4;square;g4;type;GreatFind;persistent;true] This is the point of Aronian's play. The bishop avoids the white king's escape route and prepares mate.} 25.Qxh6 $1 {[%c_effect h6;square;h6;type;GreatFind;persistent;true] The only move.} ( 25.Rxb5 $4 Qh2+ 26.Kf1 Qh1+ 27.Nxh1 Rxh1# ) ( 25.f3 $2 Qxg3 26.fxg4 Qh2+ 27.Kf2 Rf6+ {The attack is decisive.} 28.Ke3 ( 28.Ke2 Qxg2+ 29.Kd1 Rf2 30.Qe1 Rf1 {The queen is lost.} ) 28...Qf4+ 29.Ke2 Rxe4+ 30.Nxe4 Qxe4+ 31.Qe3 Qxg2+ 32.Kd1 Rf1+ 33.Qe1 c3 $1 34.Qxf1 Qd2# ) 25...Qxh6 26.Nxb5 {White has a rook, knight, and the strong d5-pawn in exchange for the queen. Better than that, the attack is over. The position is now balanced.} 26...Rc8 27.R4b2 $2 ( 27.e5 $1 {[%c_effect e5;square;e5;type;GreatFind;persistent;true] is necessary. The game ends in a draw after:} 27...c3 28.Nxc3 $1 Rxc3 29.Rxg4 Rc1+ 30.Rxc1 Qxc1+ 31.Nf1 ( 31.Kh2 Qh6+ 32.Kg1 Qc1+ {with perpetual check.} ) 31...Qd1 $1 32.Re4 Qxd5 33.Ng3 ) 27...Rb8 $6 {[%c_effect b8;square;b8;type;Inaccuracy;persistent;true] Black had a nice combination at his disposal.} ( 27...c3 28.Rc2 Qd2 $3 {[%c_effect d2;square;d2;type;Brilliant;persistent;true] What a sweet move $1} 29.Rbc1 ( 29.Rxd2 cxd2 {There is no defense against 30...Rc1.} ) 29...Qd3 $1 30.Nxc3 Bd1 $1 31.Rxd1 Qxc2 32.Nge2 Rxc3 33.Nxc3 Qxc3 {After all these blows, we arrive at an interesting endgame. White will try to set up a fortress, but his position will probably break down at some point, for example:} 34.g3 ( 34.f3 {Maybe this is a better try.} ) 34...Qc2 35.Re1 Kf8 36.Re3 Ke7 37.Kg2 Kd6 38.Kg1 Ke5 39.Kg2 g5 40.Kg1 Qd1+ 41.Kg2 g4 {White is in zugzwang and the e4-pawn falls.} ) 28.Nf1 $1 {[%c_effect f1;square;f1;type;GreatFind;persistent;true] The only move, improving the knight's position.} 28...Rb6 $6 ( 28...Qf4 $1 {[%c_effect f4;square;f4;type;GreatFind;persistent;true] still gives Black a clear advantage.} ) 29.Ne3 Qh5 30.d6 ( 30.Nxg4 Qxg4 31.d6 $1 Qxe4 32.Rd1 Qg4 33.Rbd2 $1 {[%c_effect d2;square;d2;type;GreatFind;persistent;true] This is enough for a draw.} ) 30...Bd7 31.Nd5 ( 31.Na3 $5 Rxd6 32.Naxc4 Rh6 33.f3 ) 31...Rxb5 ( 31...Ra6 {This is the last chance to keep the game going.} ) 32.Rxb5 Bxb5 33.Rxb5 Qd1+ 34.Kh2 Qh5+ 35.Kg1 1/2-1/2

[Event "WR Chess Masters 2023"]
[Site "Chess.com"]
[Date "2023.02.23"]
[Round "7"]
[White "Aronian, Levon"]
[Black "Nepomniachtchi, Ian"]
[Result "0-1"]
[WhiteElo "2736"]
[BlackElo "2793"]
[ECO "D37"]
[EventDate "2023.??.??"]
[Annotator "rafael"]
[PlyCount "106"]
[Beauty "6808617939524"]
[EventType "swiss"]
[EventRounds "9"]
[TimeControl "5400+30"]

1.d4 Nf6 2.c4 e6 3.Nf3 d5 4.Nc3 Be7 {The Queen's Gambit Declined is the most classic of all variations that start with the queen's pawn. It has stood the test of time and has been played by virtually every great chess player in history for about two centuries. Yes, sometimes it's not the most exciting defense, and if you need to win with Black, maybe it's not the most recommended—but we all have flaws, right $2 At the end of the day, there's no better defense than this.} 5.Bf4 O-O 6.e3 c5 ( 6...Nbd7 {is the most popular move nowadays.} ) 7.dxc5 Bxc5 8.cxd5 ( 8.Qc2 {is the main move.} ) 8...Nxd5 9.Nxd5 exd5 10.Bd3 ( 10.a3 {is the move played most often, to avoid the check on b4.} ) 10...Bb4+ 11.Nd2 Nc6 ( 11...Qf6 {This was Carlsen's choice in a recent rapid game.} 12.Rb1 ( 12.a3 {is better.} ) 12...Bf5 13.Bxf5 Qxf5 14.O-O Nc6 15.Nf3 Rfd8 {with an equal position in Keymer-Carlsen, Julius Baer GenCup (rapid) 2022.} ) 12.O-O Be7 {This is a typical maneuver. Black takes the bishop to f6.} 13.Qb3 {A novelty that will not have much success. Interestingly, the queen, the piece that executes the first new move of the game, will be a constant concern for White during this game.} ( 13.Rc1 {Nepomniachtchi himself has already played this position as White.} 13...Qb6 14.Qc2 Nb4 $2 ( 14...g6 ) 15.Bxh7+ Kh8 16.Qc7 $1 Qxc7 17.Rxc7 Bd8 18.Bd6 $1 Bxc7 19.Bxf8 a5 20.Bb1 {White later won in Nepomniachtchi-Nakamura, St. Louis 2019.} ) ( 13.a3 g6 14.Rc1 Bf6 15.b4 Qe7 16.Nf3 Rd8 {Black was close to equality in Caruana-Anand, St. Louis 2018.} ) 13...Bf6 14.a3 Qe7 15.Rac1 Be6 {Aronian probably confused his opening preparation since Black played natural moves and already has a comfortable position.} 16.Qb5 {Removing the queen from the x-ray.} 16...Rac8 17.Rc2 a6 18.Qb6 Qd7 19.Nb3 Bd8 20.Qc5 Be7 21.Qb6 Bd8 22.Qc5 Be7 23.Qb6 {Nepomniachtchi now has the option to make a draw with a move repetition, and many players would choose that route. A quick draw with Black isn't a bad day's work, right $2 Hats off to his fighting spirit.} 23...g5 $5 24.Bg3 Bd8 25.Qc5 Be7 26.Qb6 {The draw is still at hand, but Black decides to play on.} 26...f5 {A risky decision that will be rewarded. As they say, \"fortune favors the bold.\"} 27.f3 ( 27.Nc5 $1 {[%c_effect c5;square;c5;type;GreatFind;persistent;true] is the best move. After} 27...Bxc5 28.Rxc5 f4 29.exf4 gxf4 30.Bh4 Ne5 31.Rxc8 Rxc8 32.Bb1 d4 {The position is double-edged. Black has active pieces and a passed d-pawn, but his king is open, and White has a dangerous bishop pair.} ) 27...Bd8 28.Qc5 Be7 29.Qb6 Bd8 30.Qc5 f4 {No draw $1} ( 30...Qf7 {is an interesting try since White's queen is in an uncomfortable situation and Black is preparing to move the knight.} ) 31.exf4 gxf4 32.Bf2 Be7 33.Qb6 Bd8 {This is the last time the repetition of moves with Bd8-e7 was played. Time to move on $1} 34.Qc5 Bf6 35.Rfc1 ( 35.Qb6 ) 35...Qg7 36.Qd6 Rce8 37.Re1 $2 {[%c_effect e1;square;e1;type;Mistake;persistent;true] This is innacurate.} ( 37.Nc5 {is not the best:} 37...Bh3 38.Bf1 Nd4 $1 39.Qxd5+ Kh8 40.Bxd4 Bxd4+ 41.Kh1 Be3 {with the initiative.} ) ( 37.Rd1 $1 {[%c_effect d1;square;d1;type;GreatFind;persistent;true] This is an improvement—the position is very sharp. The machine shows some crazy variations, one of them featuring a wonderful combination. Disclaimer: The following moves are not forced, but they illustrate the complexity of the position.} 37...Ne5 ( 37...Be5 38.Qc5 Bxb2 39.Bxa6 $5 Ne5 40.Rxb2 Nxf3+ 41.Kh1 Qxb2 42.gxf3 Qxb3 43.Rg1+ Kf7 44.Qc7+ Re7 45.Qxf4+ ( 45.Rg7+ Kxg7 46.Qxe7+ Bf7 {This also ends in a draw.} ) 45...Ke8 46.Qb8+ {With perpetual check. Typical computer sense of humor.} ) 38.Nd4 Bh3 39.Bf1 Kh8 40.Kh1 Rg8 $1 41.Bg1 $1 ( 41.gxh3 $2 {[%c_effect h3;square;h3;type;Mistake;persistent;true] This loses in spectacular fashion.} 41...Nd3 $3 {[%c_effect d3;square;d3;type;Brilliant;persistent;true] Black goes on to remove the defenders of the g-file.} 42.Rxd3 ( 42.Bxd3 Qg2# ) 42...Re1 $3 43.Bxe1 Qg1# ) 41...Nd3 $1 42.Nf5 $1 {[%c_effect f5;square;f5;type;GreatFind;persistent;true] Blow after blow $1} ( 42.Rxd3 $2 Re1 {with a decisive attack.} ) 42...Bxf5 43.Bxd3 Rc8 $1 {[%c_effect c8;square;c8;type;GreatFind;persistent;true] Trying to remove the g2-pawn's defense.} 44.Re2 Rce8 $1 45.Rc2 Rc8 {With a draw by repetition. Chess really is inexhaustible for the human mind.} ) 37...Ne5 {White's position is now on the brink of collapse.} 38.Nd4 $2 {[%c_effect d4;square;d4;type;Mistake;persistent;true] This loses immediately.} ( 38.Kh1 {is the move suggested by the computer, but it's nearly impossible to play like this.} ) 38...Bh3 39.Bf1 Nf7 $1 {[%c_effect f7;square;f7;type;GreatFind;persistent;true] A subtle move that wins material.} 40.Qxd5 Rxe1 41.Bxe1 Bxd4+ {Black is a piece up for only one pawn. The rest is easy for Nepomniachtchi.} 42.Kh1 Bc8 43.Bc4 Re8 44.Bb4 Qf6 45.Bd3 Bc3 $1 {[%c_effect c3;square;c3;type;GreatFind;persistent;true] A nice move, exploiting the back-rank weakness.} 46.Bxc3 Qxc3 47.g4 ( 47.Rxc3 Re1+ 48.Bf1 Rxf1# ) 47...Qf6 48.Rc7 Re1+ 49.Kg2 Be6 50.Qh5 Qxb2+ 51.Kh3 h6 52.Qg6+ Qg7 53.Kh4 Rh1 0-1